General information
			
			
        
        - name: 1v1 obs obs 1v1
 
        - type: Custom game
 
        - host: Blahsmack
 
        - saver: TIMG4STRok
 
        
map: TerenasStand 
        - players: 10
 
        - length: 23:55
 
        - speed: Fast
 - version: 1.22 W3XP
 - replay type:  

 
» download(114 KB)
Players
        team 1 (winner) 
              
              
kunt.roII (
green | 127 APM | 3024 actions | 23:53)
              
 4 Dreadlord 
 2 Sleep
 2 Vampiric Aura
 3 Pandaren Brewmaster 
 2 Drunken Haze
 1 Drunken Brawler
 3 Pit Lord 
 2 Howl of Terror
 1 Cleaving Attack
 
                » actions 
                
                | Assign group hotkey | 72 |  | 
| Basic commands | 103 |  | 
| Build / train | 95 |  | 
| ESC pressed | 9 |  | 
| Enter build submenu | 16 |  | 
| Enter hero's abilities submenu | 10 |  | 
| Give item / drop item | 4 |  | 
| Right click | 1365 |  | 
| Select / deselect | 453 |  | 
| Select group hotkey | 763 |  | 
| Use ability | 134 |  | 
                3024 total
 » units 
                
                | Acolyte | 7 |  | 
| Ghoul | 29 |  | 
| Gargoyle | 8 |  | 
| Obsidian Statue | 3 |  | 
| Abomination | 5 |  | 
| Frost Wyrm | 2 |  | 
| Crypt Fiend | 1 |  | 
                55 total
 » upgrades
                
                | Ghoul Frenzy | 1 |  | 
| Unholy Strength | 1 |  | 
| Destroyer Form | 1 |  | 
                3 total
 » buildings
                
                | Crypt | 1 |  | 
| Altar of Darkness | 1 |  | 
| Ziggurat | 5 |  | 
| Tomb of Relics | 1 |  | 
| Halls of the Dead | 5 |  | 
| Nerubian Tower | 1 |  | 
| Graveyard | 1 |  | 
| Slaughterhouse | 1 |  | 
| Black Citadel | 1 |  | 
| Sacrificial Pit | 1 |  | 
| Boneyard | 1 |  | 
| Necropolis | 1 |  | 
                20 total
 » build order
                00:07 Crypt
00:10 Altar of Darkness
00:25 Ziggurat
01:06 Tomb of Relics
01:38 Ziggurat
03:33 Halls of the Dead
03:33 Halls of the Dead
03:45 Ziggurat
04:06 Nerubian Tower
04:55 Graveyard
05:10 Halls of the Dead
05:10 Halls of the Dead
05:10 Halls of the Dead
07:00 Ziggurat
07:41 Slaughterhouse
08:52 Black Citadel
11:43 Sacrificial Pit
16:17 Boneyard
17:10 Ziggurat
20:54 Necropolis
» items
                
                | Rod of Necromancy | 2 |  | 
| Dust of Appearance | 1 |  | 
| Staff of Teleportation | 1 |  | 
| Potion of Lesser Invulnerability | 2 |  | 
| Orb of Corruption | 2 |  | 
| Potion of Healing | 1 |  | 
| Potion of Mana | 1 |  | 
| Circlet of Nobility | 2 |  | 
                12 total
  
               team 2 (loser) 
              
              
» 
Robot[Angels] (
pink | 188 APM | 4482 actions | 23:53)
              
 5 Blademaster 
 2 Critical Strike
 3 Wind Walk
 4 Shadow Hunter 
 2 Hex
 2 Healing Wave
 
                » actions 
                
                | Assign group hotkey | 158 |  | 
| Basic commands | 20 |  | 
| Build / train | 86 |  | 
| ESC pressed | 10 |  | 
| Enter build submenu | 30 |  | 
| Enter hero's abilities submenu | 10 |  | 
| Give item / drop item | 13 |  | 
| Right click | 2178 |  | 
| Select / deselect | 1080 |  | 
| Select group hotkey | 685 |  | 
| Use ability | 211 |  | 
                4482 total
 » units 
                
                | Peon | 13 |  | 
| Grunt | 5 |  | 
| Raider | 5 |  | 
| Wind Rider | 5 |  | 
| Troll Batrider | 10 |  | 
| Troll Headhunter/Berserker | 1 |  | 
| Kodo Beast | 2 |  | 
| Spirit Walker | 1 |  | 
                42 total
 » upgrades
                
                | Ensnare | 2 |  | 
| Ranged Weapons | 1 |  | 
| Spirit Walker Training | 1 |  | 
                4 total
 » buildings
                
                | Altar of Storms | 1 |  | 
| Orc Burrow | 10 |  | 
| Barracks | 1 |  | 
| Voodoo Lounge | 1 |  | 
| Stronghold | 3 |  | 
| War Mill | 1 |  | 
| Beastiary | 2 |  | 
| Watch Tower | 2 |  | 
| Spirit Lodge | 1 |  | 
                22 total
 » build order
                00:08 Altar of Storms
00:17 Orc Burrow
00:36 Barracks
01:46 Orc Burrow
01:56 Voodoo Lounge
03:20 Stronghold
03:20 Stronghold
03:30 Orc Burrow
03:32 War Mill
04:46 Orc Burrow
05:28 Orc Burrow
05:56 Orc Burrow
06:26 Beastiary
06:38 Beastiary
07:12 Orc Burrow
09:03 Watch Tower
09:09 Orc Burrow
09:15 Orc Burrow
09:26 Watch Tower
13:12 Spirit Lodge
14:52 Orc Burrow
» items
                
                | Healing Salve | 9 |  | 
| Lesser Clarity Potion | 2 |  | 
| Boots of Speed | 2 |  | 
| Potion of Healing | 1 |  | 
| Potion of Lesser Invulnerability | 1 |  | 
| Scroll of Town Portal | 3 |  | 
| Potion of Mana | 1 |  | 
                19 total
  
               observersBlahsmack, 
Gobiner, 
JuicyLoadOfCum, 
TIMG4STRok, 
bensonhau, 
AlasPoorYorick, 
wolfdemon, 
yingma Chat log
          (00:10 / All) Robot[Angels]: this is wierld 
(00:13 / All) Robot[Angels]: who r u!
(00:13 / All) Robot[Angels]: lol
(00:24 / All) Robot[Angels]: people out of no where calling me shit
(00:28 / All) Robot[Angels]: thats not nice
(00:31 / All) kunt.roII: are you taling about me?
(00:35 / All) kunt.roII: i hear ppl talkign shit about me
(00:43 / All) Robot[Angels]: wow i see
(00:44 / All) kunt.roII: (like you shitnoob)
(00:45 / Observers) Blahsmack: his ears are burning
(00:47 / All) Robot[Angels]: u have a friend 
(00:49 / All) Robot[Angels]: in obs
(00:50 / All) kunt.roII: u dont
(00:55 / All) Robot[Angels]: who said i said shit about u last game?
(00:58 / Observers) TIMG4STRok:  /hideminimapsignals
(00:59 / All) Robot[Angels]: im not saying shit to u
(00:59 / All) kunt.roII: no
(01:01 / All) Robot[Angels]: im saying u were bad
(01:02 / All) kunt.roII: i upload
(01:03 / All) Robot[Angels]: im observing
(01:03 / All) kunt.roII: read chat
(01:10 / Observers) AlasPoorYorick: No, just Lucca! I hate titles, don't you Marle?
(01:13 / All) Robot[Angels]: wtf r u talking about!
(01:14 / Observers) AlasPoorYorick: Hate 'em!
(01:16 / All) Robot[Angels]: i dont even no who u r
(01:23 / All) Robot[Angels]: i barely see your name today
(01:28 / Observers) wolfdemon: ...
(01:29 / All) kunt.roII: what?
(01:57 / Observers) Blahsmack: OMG WHO EVER IS PINGING PLZ STOP I LAG
(02:04 / Observers) JuicyLoadOfCum: haha
(02:24 / All) Robot[Angels]: ops 
(02:29 / All) kunt.roII: oops
(02:33 / Observers) Gobiner: ops im gay
(02:34 / Observers) Gobiner: soz
(02:36 / All) Robot[Angels]: dude who r u
(02:36 / Observers) Blahsmack: oh piss
(02:39 / All) kunt.roII: stfu nig
(02:48 / All) Robot[Angels]: seem like i killed your parents or something
(03:16 / Observers) Gobiner: plz dont assume
(03:17 / Observers) Blahsmack: PLZ DFUNT J*UDGE TILL U PLAY
(03:51 / Observers) Blahsmack: plz stfu du not judge till u have played ok?
(04:00 / Observers) wolfdemon: ...
(04:19 / Observers) JuicyLoadOfCum: owned by da bm
(06:30 / All) Robot[Angels]: nice timing
(06:34 / All) kunt.roII: ur bad
(06:48 / All) Robot[Angels]: ure mad cause i said ure bad last game?
(06:53 / All) kunt.roII: what?
(14:06 / All) Robot[Angels]: ure pathetic
(14:08 / All) kunt.roII: ya
(14:09 / Observers) JuicyLoadOfCum: haha
(14:09 / All) Robot[Angels]: i no u maphack 
(14:10 / All) kunt.roII: ?
(14:12 / All) Robot[Angels]: or some1 helping u
(14:21 / All) Robot[Angels]: u gave it out there
(14:29 / All) kunt.roII: that i slept u?
(14:34 / All) kunt.roII: after u jack me?
(19:10 / Observers) wolfdemon: ...
(22:16 / All) Robot[Angels]: O_O
(22:18 / All) Robot[Angels]: so tel me who r u
(22:19 / All) Robot[Angels]: y u mad at me
(23:32 / All) Robot[Angels]: u happy u beat me?
(23:34 / All) Robot[Angels]: y u mad at me
(23:36 / All) kunt.roII: lmao
(23:40 / All) kunt.roII: ia ttack move
(23:40 / All) Robot[Angels]: ure wierld dude
(23:48 / All) Robot[Angels]: seriously u r wierld
(23:52 / All) Robot[Angels]: out of no where u bash on me